 Dungeon Crawl Stone Soup version 0.19.0-23-gf02e663 (console) character file.

353 CALLOUS the Ducker (level 6, -1/35 HPs)
             Began as a Kobold Transmuter on Nov 20, 2016.
             Slain by an iguana (7 damage)
             ... on level 4 of the Dungeon.
             The game lasted 02:21:32 (8517 turns).

CALLOUS the Ducker (Kobold Transmuter)              Turns: 8517, Time: 02:21:32

Health: -1/35      AC:  6    Str:  8    XL:     6   Next: 94%
Magic:  8/9        EV: 19    Int: 14    God:
Gold:   134        SH:  0    Dex: 17    Spells: 2 memorised, 6 levels left

rFire  . . .     SeeInvis .       - Unarmed
rCold  . . .     Gourm    .     v - +2 animal skin
rNeg   . . .     Faith    .     (shield restricted)
rPois  .         Spirit   .     w - +0 helmet
rElec  +         Reflect  .     (no cloak)
rCorr  .         Harm     .     (no gloves)
MR     .....                    (boots currently unavailable)
Stlth  ++........               (no amulet)
                                (no ring)
                                (no ring)

@: appendage (expiring)
A: talons 3, molten scales 1, carnivore 3, deformed body, electricity resistance
a: End Transformation


You were on level 4 of the Dungeon.
You were completely stuffed.
You had grown temporary talons.
You visited 1 branch of the dungeon, and saw 5 of its levels.

You collected 134 gold pieces.

Inventory:

Hand Weapons
 o - a +0 dagger
Missiles
 g - 51 bolts
 n - 114 stones (quivered)
 s - 118 sling bullets
 t - 14 poisoned needles
Armour
 v - a +2 animal skin (worn)
 w - a +0 helmet (worn)
 C - a cursed +0 leather armour
Jewellery
 h - an uncursed ring of see invisible {unknown}
 y - an uncursed ring of stealth {unknown}
Wands
 x - a wand of random effects (19/48)
Scrolls
 e - 5 scrolls of identify {unknown}
 f - a scroll of remove curse {unknown}
 j - a scroll of fear {unknown}
 l - a scroll of recharging {unknown}
 p - a scroll of fog {unknown}
 q - 3 scrolls of magic mapping {unknown}
 A - a scroll of random uselessness {unknown}
Potions
 r - 2 potions of flight
 z - 2 potions of brilliance
Books
 c - a book of Changes

   Spells                             Type                      Level
   a - Beastly Appendage              Transmutation                1
   b - Sticks to Snakes               Transmutation                2
   c - Spider Form                    Transmutation/Poison         3
   d - Ice Form                       Ice/Transmutation            4
   e - Blade Hands                    Transmutation                5
Comestibles
 d - 3 meat rations
 B - a slice of pizza


   Skills:
 + Level 2.1 Fighting
 * Level 2.3 Short Blades
 * Level 6.9 Dodging
 + Level 2.4 Stealth
 - Level 3.0 Unarmed Combat
 - Level 2.1 Spellcasting
 - Level 2.0 Transmutations
 * Level 1.2 Evocations


You had 6 spell levels left.
You knew the following spells:

 Your Spells              Type           Power        Failure   Level  Hunger
a - Beastly Appendage     Tmut           #.....       12%         1    #......
b - Sticks to Snakes      Tmut           #.......     17%         2    ###....


Dungeon Overview and Level Annotations

Branches:
Dungeon (5/15)
 Temple: D:4-7

Altars:
Makhleb
Sif Muna
Uskayaw
Zin
The Shining One

Annotations:
D:2 2 exclusions
D:3 oHclubleathergEwhipofflaminggclub, exclusions: adder, 2 gnolls, orc, worker ant and 1 more exclusion, Jessica
D:4 exclusion: adder, Rrauwl's ghost, amateur HuFi
D:5 exclusion: ogre


Innate Abilities, Weirdness & Mutations

You are small and have problems with some larger weapons.
You are carnivorous and can eat meat at any time.
You have claws for feet.
You are partially covered in molten scales. (AC +2)
Armour fits poorly on your strangely shaped body.
You are resistant to electric shocks. (rElec)


Message History

You hit the iguana. Your punch misses the iguana.
The iguana is moderately wounded.
The iguana barely misses you.
You closely miss the iguana. You claw the iguana, but do no damage.
The iguana is moderately wounded.
The iguana bites you!
You hit the iguana.
The iguana is moderately wounded.
The iguana bites you!
You closely miss the iguana.
The iguana is moderately wounded.
The iguana bites you!
* * * LOW HITPOINT WARNING * * *
Zapping:
x - a wand of random effects {zapped: 2} (will waste charges)
Press: ? - help, Shift-Dir - straight line, f - iguana
Aim: an iguana (moderately wounded)
The iguana struggles to resist.
Evoking this partially-identified wand wasted a few charges.
The iguana bites you!
You die...

...## #.#####...#
...#####.........#
.......#..##..##.#
###a##.#.....)...#
###.##.#....#.####
..#.##g#.#).#......#
#.#a##.#..<.....####
#a#..#.###.##..######
#.##.#.#....#..#....#
#..#(#.#.#..#..#....#
...#.#.#.####..#@(..#
####.#.#.......l.<..#
...#.#........##...)#
##.#................'..
#.###........##....####
#.)((.........######
##.####(.......# .###
#...(....# .#
###......##### .#
######.......## .#
##.............#


You could see an iguana.

Vanquished Creatures
  A bullfrog skeleton (D:4)
  A centaur skeleton (D:4)
  Terence (D:2)
  A hound skeleton (D:4)
  Robin (D:2)
  7 adders
  4 gnolls
  3 oozes (D:1)
  7 worms
  A dart slug (D:1)
  2 leopard geckos
  7 orcs
  A ball python (D:1)
  2 giant cockroaches
  12 goblins
  11 hobgoblins
  3 jackals
  11 kobolds
  A quokka (D:1)
  8 bats
  6 frilled lizards
  A leopard gecko skeleton (D:3)
  6 rats
98 creatures vanquished.

Vanquished Creatures (collateral kills)
  An adder (D:2)
  A worm (D:2)
  A kobold (D:2)
  5 goblins (D:2)
  A rat (D:2)
9 creatures vanquished.

Grand Total: 107 creatures vanquished

Notes
Turn   | Place    | Note
-------+----------+-------------------------------------------
     0 | D:1      | CALLOUS the Kobold Transmuter began the quest for the Orb.
     0 | D:1      | Reached XP level 1. HP: 12/12 MP: 3/3
   283 | D:1      | Reached skill level 3 in Dodging
   283 | D:1      | Reached XP level 2. HP: 15/16 MP: 0/5
   288 | D:1      | Learned a level 2 spell: Sticks to Snakes
   952 | D:1      | Reached XP level 3. HP: 15/20 MP: 4/6
  1313 | D:1      | Gained mutation: You are partially covered in molten scales. (AC +2) [potion of mutation]
  1313 | D:1      | Gained mutation: Armour fits poorly on your strangely shaped body. [potion of mutation]
  1313 | D:1      | Gained mutation: You are resistant to electric shocks. (rElec) [potion of mutation]
  1343 | D:1      | Reached skill level 4 in Dodging
  1900 | D:1      | Reached skill level 1 in Stealth
  2217 | D:2      | Reached XP level 4. HP: 22/25 MP: 5/7
  2398 | D:2      | Noticed Robin
  2438 | D:2      | Found a deep blue altar of Sif Muna.
  3125 | D:2      | Noticed Terence
  3238 | D:2      | Reached skill level 1 in Short Blades
  3249 | D:2      | HP: 1/25 [poisoned by an adder]
  3844 | D:2      | Reached skill level 5 in Dodging
  3844 | D:2      | Reached XP level 5. HP: 15/30 MP: 5/8
  4565 | D:2      | Killed Robin
  4761 | D:2      | Killed Terence
  4876 | D:2      | Found a hide-covered altar of Uskayaw.
  4876 | D:2      | Found a burning altar of Makhleb.
  5512 | D:2      | Reached XP level 6. HP: 30/35 MP: 7/9
  5843 | D:2      | Reached skill level 6 in Dodging
  6006 | D:3      | Noticed Jessica
  6332 | D:3      | Found a glowing golden altar of the Shining One.
  7173 | D:4      | Noticed Rrauwl's ghost (amateur HuFi)
  7178 | D:3      | Found a glowing silver altar of Zin.
  7198 | D:4      | Reached skill level 1 in Evocations
  8047 | D:5      | Entered Level 5 of the Dungeon
  8054 | D:5      | Noticed an ogre
  8517 | D:4      | Slain by an iguana

Skill      XL: |  1  2  3  4  5  6 |
---------------+-------------------+-----
Dodging        | 3 4 5 6 |  6.9
Stealth        | 1 2 |  2.4
Short Blades   | 1 2 |  2.3
Fighting       | 2 |  2.1
Evocations     | 1 |  1.2
Unarmed Combat | |  3.0
Spellcasting   | |  2.1
Transmutations | |  2.0

Action                   |  1- 3 |  4- 6 || total
-------------------------+-------+-------++-------
Melee: Unarmed           |   122 |   503 ||   625
       Headbutt          |     8 |     8 ||    16
       Kick              |    18 |   133 ||   151
       Punch             |     1 |     7 ||     8
Throw: Stone             |       |   106 ||   106
 Cast: Beastly Appendage |    27 |    87 ||   114
       Sticks to Snakes  |       |    12 ||    12
Evoke: Wand              |       |     2 ||     2
  Use: Potion            |     3 |     5 ||     8
 Stab: Sleeping          |     3 |     1 ||     4
  Eat: Chunk             |    13 |    24 ||    37
Armor: Robe              |    14 |    15 ||    29
       Animal skin       |       |    28 ||    28
Dodge: Dodged            |    77 |   377 ||   454
